 Dungeon Crawl Stone Soup version 0.25.1-9-gc5326a611f (webtiles) character file.

Game seed: 7464811174135976942

29 ArchParadox the Chiller (level 3, 28/28 HPs)
             Began as a Draconian Ice Elementalist on Oct 23, 2020.
             Quit the game on level 1 of the Dungeon on Feb 17, 2021.
             The game lasted 00:02:31 (1150 turns).

ArchParadox the Chiller (DrIE)                      Turns: 1150, Time: 00:02:31

Health: 28/28      AC:  5    Str: 10    XL:     3   Next: 1%
Magic:  6/6        EV: 12    Int: 16    God:
Gold:   100        SH:  0    Dex: 11    Spells: 5/6 levels left

rFire    . . .     SeeInvis .   d - +2 mace (protect)
rCold    . . .     Gourm    .   (no shield)
rNeg     . . .     Faith    .   (armour unavailable)
rPois    .         Spirit   .   (helmet restricted)
rElec    .         Reflect  .   (no cloak)
rCorr    .         Harm     .   (no gloves)
MR       .....                  (no boots)
Stlth    ++........             (no amulet)
HPRegen  0.09/turn              (no ring)
MPRegen  0.10/turn              (no ring)

@: no status effects
A: unfitting armour, cold-blooded, AC +5
a: no special abilities


You were on level 1 of the Dungeon.
You were not hungry.

You visited 1 branch of the dungeon, and saw 1 of its levels.

You collected 100 gold pieces.

Inventory:

Hand Weapons
 d - a +2 mace of protection (weapon)
Scrolls
 c - a scroll of remove curse {unknown}
 f - a scroll of enchant weapon {unknown}
 g - a scroll of identify {unknown}
 h - a scroll of magic mapping {unknown}
Potions
 e - a potion of haste {unknown}
Comestibles
 b - a ration


   Skills:
 + Level 1.4 Fighting
 - Level 1.7 Dodging
 - Level 1.7 Stealth
 - Level 2.0 Spellcasting
 * Level 4.7 Ice Magic


You had 5 spell levels left.
You knew the following spells:

 Your Spells              Type           Power        Failure   Level  Hunger
a - Freeze                Ice            ###.         3%          1    #......

Your spell library contained the following spells:

 Spells                   Type           Power        Failure   Level  Hunger
 Frozen Ramparts          Ice            ###...       9%          3    ###....
 Ozocubu's Armour         Chrm/Ice       #.......     24%         3    ###....
 Hailstorm                Conj/Ice       #.......     61%         4    #####..
 Summon Ice Beast         Ice/Summ       #.......     61%         4    #####..


Dungeon Overview and Level Annotations

Branches:
Dungeon (1/15)

Altars:


Innate Abilities, Weirdness & Mutations

Your plain brown scales are hard. (AC +5)
You cannot fit into any form of body armour.
You are cold-blooded and may be slowed by cold attacks.


Message History

The kobold closely misses you.
Casting: Freeze (safe; 3% risk of failure)
Confirm with . or Enter, or press ? or * to list all spells.
Aiming: Freeze (safe; 3% risk of failure)
Press: ? - help, Shift-Dir - straight line, f/p - kobold
Aim: a kobold (heavily wounded)
You freeze the kobold!
You kill the kobold!
You have reached level 3!
Your experience leads to an increase in your attributes!
Increase (S)trength, (I)ntelligence, or (D)exterity?
You feel clever.
Your scales feel tougher.
Your magical contamination has completely faded away.
All of the chunks of flesh in your inventory have rotted away.
Done exploring.
Done exploring.
Unknown command.
Welcome back, ArchParadox the Draconian Ice Elementalist.
Press ? for a list of commands and other information.
Are you sure you want to abandon this character and quit the game? (Confirm with "yes".)

.#.#.# #...........####
#.# # ...#.#
#.#.###........# #.# #
...#.# #.#.# #........#
#.# # #..#.# #.#.#
#........#####.# #
##.#.# #.#.#
#####..........# # #.#.#
#.#.# ################ #
#.#.#
#.#.###....#############
#...#
#.#.............).......
###..#
#.#####@...#############
..#.># #.# #....# #.####
#.# #....# #.# #.#
#....# #.# #.# #....#
#.# #.# #....# #.# #.#
#....# #.# #.# ######
#.########.#


There were no monsters in sight!

Vanquished Creatures
  A dart slug (D:1)
  3 leopard geckos (D:1)
  4 bats (D:1)
  A giant cockroach (D:1)
  4 goblins (D:1)
  3 hobgoblins (D:1)
  2 jackals (D:1)
  A kobold (D:1)
  2 rats (D:1)
21 creatures vanquished.

Notes
Turn   | Place    | Note
-------+----------+-------------------------------------------
     0 | D:1      | ArchParadox the Draconian Ice Elementalist began the quest
                  | for the Orb.
     0 | D:1      | Reached XP level 1. HP: 14/14 MP: 3/3
   214 | D:1      | Reached XP level 2. HP: 22/22 MP: 0/5
   405 | D:1      | Reached skill level 1 in Fighting
  1019 | D:1      | Reached XP level 3. HP: 27/28 MP: 2/6
  1150 | D:1      | Upgraded the game from 0.25.1-2-g60ff931df9 to
                  | 0.25.1-9-gc5326a611f
  1150 | D:1      | Quit the game

Illustrated notes

Levels and vault maps discovered:
D:1:      saegor_arrival_simple_b, layout_basic

Skill      XL: |  1  2 |
---------------+-------+-----
Fighting       | 1 |  1.4
Dodging        | |  1.7
Stealth        | |  1.7
Spellcasting   | |  2.0
Ice Magic      | |  4.7

Action                   || total
-------------------------++-------
Melee: Mace              ||    15
       Tailslap          ||     1
 Cast: Freeze            ||    31
  Eat: Chunk             ||     1
Armor: Skin              ||    16
Dodge: Dodged            ||    36
